 Dungeon Crawl Stone Soup version 0.27-a0-1202-ge72e49191c (webtiles) character file.

Game seed: 638248737461823129

1378 pokeman the Thaumaturge (level 8, -10/43 HPs)
             Began as a Deep Elf Hedge Wizard on June 4, 2021.
             Mangled by a white ugly thing (25 damage)
             ... on level 6 of the Dungeon.
             The game lasted 00:16:09 (8059 turns).

pokeman the Thaumaturge (Deep Elf Hedge Wizard)     Turns: 8059, Time: 00:16:10

Health: -10/43     AC:  7    Str: 13    XL:     8   Next: 39%
Magic:  23/23      EV: 12    Int: 22    God:
Gold:   243        SH:  0    Dex: 14    Spells: 14/25 levels left

rFire    . . .     SeeInvis +   f - +2 short sword (venom)
rCold    . . .     Faith    .   (no shield)
rNeg     . . .     Spirit   .   q - +0 leather armour
rPois    .         Reflect  .   r - +2 helmet {SInv}
rElec    .         Harm     .   (no cloak)
rCorr    .         Rampage  .   (no gloves)
Will     .....                  F - +0 pair of boots
Stlth    ++........             (no amulet)
HPRegen  0.14/turn              h - ring of wizardry
MPRegen  0.18/turn              k - +6 ring of strength

@: no status effects
A: no striking features
a: no special abilities


You were on level 6 of the Dungeon.
You visited 1 branch of the dungeon, and saw 6 of its levels.
You also visited: Sewer.

You collected 243 gold pieces.

Inventory:

Hand Weapons
 f - a +2 short sword of venom (weapon)
 y - a +0 hand crossbow
Missiles
 i - 20 arrows
 u - 44 bolts
Armour
 q - a +0 leather armour (worn)
 r - a +2 helmet of see invisible (worn)
 s - a +0 buckler
 F - a +0 pair of boots (worn)
Jewellery
 c - an amulet of faith
 h - a ring of wizardry (left hand)
 k - a +6 ring of strength (right hand)
 t - a ring of flight
 A - a ring of fire
Wands
 x - a wand of iceblast (7)
Scrolls
 a - 2 scrolls of immolation {unknown}
 b - a scroll of vulnerability {unknown}
 d - a scroll of amnesia {unknown}
 j - a scroll of silence {unknown}
 l - 5 scrolls of teleportation {unknown}
 m - 2 scrolls of identify {unknown}
 o - 2 scrolls of magic mapping {unknown}
 p - a scroll of summoning {unknown}
 w - a scroll of brand weapon {unknown}
 B - 2 scrolls of fear {unknown}
 D - a scroll of fog {unknown}
 E - 2 scrolls of blinking {unknown}
 G - a scroll of enchant weapon {unknown}
Potions
 e - 3 potions of might {unknown}
 g - a potion of heal wounds {unknown}
 n - a potion of attraction {unknown}
 v - a potion of flight {unknown}
 z - a potion of magic {unknown}
 C - a potion of brilliance {unknown}
 H - a potion of curing {unknown}


   Skills:
 - Level 1.0 Fighting
 - Level 1.0 Armour
 - Level 3.0 Dodging
 - Level 3.0 Stealth
 + Level 3.7 Shields
 * Level 9.2 Spellcasting
 + Level 4.8 Conjurations
 - Level 1.1 Summonings
 - Level 1.1 Translocations
 + Level 3.3 Fire Magic
 - Level 1.0 Air Magic
 - Level 1.0 Poison Magic
 - Level 1.0 Evocations


You had 14 spell levels left.
You knew the following spells:

 Your Spells              Type           Power      Damage    Failure   Level
a - Magic Dart            Conj           100%       1d8       1%          1
b - Mephitic Cloud        Conj/Pois/Air  20%        N/A       4%          3
c - Call Imp              Summ           15%        N/A       3%          2
d - Blink                 Tloc           N/A        N/A       3%          2
e - Conjure Flame         Conj/Fire      28%        6-21      1%          3

Your spell library contained the following spells:

 Spells                   Type           Power      Damage    Failure   Level
 Summon Small Mammal      Summ           60%        N/A       2%          1
 Corona                   Hex            11%        N/A       3%          1
 Inner Flame              Hex/Fire       17%        N/A       4%          3
 Slow                     Hex            10%        N/A       5%          2
 Call Canine Familiar     Summ           15%        N/A       6%          3
 Portal Projectile        Hex/Tloc       24%        N/A       9%          3
 Summon Guardian Golem    Hex/Summ       12%        N/A       9%          3
 Summon Lightning Spire   Summ/Air       14%        N/A       21%         4
 Summon Ice Beast         Ice/Summ       12%        N/A       26%         4
 Cause Fear               Hex            5%         N/A       32%         4
 Leda's Liquefaction      Hex/Erth       5%         N/A       32%         4


Dungeon Overview and Level Annotations

Branches:
Dungeon (6/15)              Sewer (visited)
 Temple: D:4-7

Altars:
Nemelex Xobeh
Qazlal
Uskayaw

Shops:
D:1 *


Message History

The sky beast is heavily wounded.
Casting: Magic Dart (safe; 1% risk of failure)
Confirm with . or Enter, or press ? or * to list all spells.
Aiming: Magic Dart (safe; 1% risk of failure)
Press: ? - help, Shift-Dir - straight line, f/p - sky beast
Aim: a sky beast (heavily wounded, slightly transparent, confused, 100% to hit)
The magic dart hits the sky beast.
The sky beast is severely wounded.
Casting: Magic Dart (safe; 1% risk of failure)
Confirm with . or Enter, or press ? or * to list all spells.
Aiming: Magic Dart (safe; 1% risk of failure)
Press: ? - help, Shift-Dir - straight line, f/p - sky beast
Aim: a sky beast (severely wounded, confused, 100% to hit)
The magic dart hits the sky beast.
The sky beast is almost dead.
Casting: Magic Dart (safe; 1% risk of failure)
Confirm with . or Enter, or press ? or * to list all spells.
Aiming: Magic Dart (safe; 1% risk of failure)
Press: ? - help, Shift-Dir - straight line, f/p - sky beast
Aim: a sky beast (almost dead, confused, 100% to hit)
The magic dart hits the sky beast.
You kill the sky beast!
Casting: Magic Dart (safe; 1% risk of failure)
Confirm with . or Enter, or press ? or * to list all spells.
You can't see any susceptible monsters within range! (Use Z to cast anyway.) Unknown command.
You start resting.
Magic restored.
You start resting.
HP restored.
Things that are here:
a +0 morningstar; a +0 ring mail; an orc corpse
There is a stone staircase leading down here.
You climb downwards.
The white ugly thing punches you. The white ugly thing freezes you!
The white ugly thing punches you but does no damage.
There is a stone staircase leading up, spattered with blood here.
The white ugly thing punches you! The white ugly thing freezes you!!
Ouch! That really hurt!
You die...

...... #. ....#
.<.. ..[## ..[##
#...###.....
###.#.......^.
#?......).....
#............
#..#..........
#.##)@#.......
#.###u#..#...#
#o##..o..#..#
#............ #.
##........####...
#.........##....#
#....$..#.....#
##.........#.##
#####.....# #


You could see a white ugly thing and an orc wizard.

Vanquished Creatures
  Grinder (D:5)
  A steam dragon (D:5)
  A sky beast (D:5)
  An ogre (D:5)
  2 scorpions (D:5)
  A water moccasin zombie (D:5)
  A howler monkey (D:5)
  2 hounds (D:5)
  A jelly (D:5)
  A gnoll shaman (D:5)
  A bullfrog skeleton (D:5)
  2 iguanas
  3 orc wizards
  A scorpion zombie (D:5)
  Natasha (thrice) (D:4)
  Robin (D:3)
  8 gnolls
  2 river rats (Sewer)
  9 adders
  A white imp (D:5)
  An ufetubus (D:4)
  2 worms
  A dart slug (D:4)
  8 orcs
  7 bats
  5 endoplasms
  8 giant cockroaches
  19 goblins
  8 hobgoblins
  15 jackals
  6 quokkas
  9 ball pythons
  6 frilled lizards
  9 kobolds
  10 rats
157 creatures vanquished.

Notes
Turn   | Place    | Note
-------+----------+-------------------------------------------
     0 | D:1      | pokeman the Deep Elf Hedge Wizard began the quest for the
                  | Orb.
     0 | D:1      | Reached XP level 1. HP: 10/10 MP: 7/7
   137 | D:1      | Found Magic's General Store.
   574 | D:1      | Reached XP level 2. HP: 16/16 MP: 5/9
   779 | D:1      | Found a faded altar of an unknown god.
  1728 | D:2      | Reached skill level 5 in Spellcasting
  2076 | D:2      | Reached XP level 3. HP: 20/20 MP: 9/11
  2080 | D:2      | Learned a level 3 spell: Mephitic Cloud
  2083 | D:2      | Learned a level 2 spell: Call Imp
  2088 | D:2      | Learned a level 2 spell: Blink
  2092 | D:2      | Learned a level 3 spell: Conjure Flame
  2203 | D:2      | Reached skill level 1 in Fighting
  2413 | D:2      | Found a stormy altar of Qazlal.
  2428 | D:2      | Reached skill level 1 in Armour
  2486 | D:2      | Reached XP level 4. HP: 14/25 MP: 3/13
  3059 | D:3      | Noticed Robin
  3072 | D:3      | Killed Robin
  3315 | D:2      | Reached skill level 1 in Fire Magic
  3663 | D:3      | Found a hide-covered altar of Uskayaw.
  4023 | D:3      | Reached skill level 6 in Spellcasting
  4023 | D:3      | Reached XP level 5. HP: 29/29 MP: 9/15
  4039 | D:3      | Reached skill level 1 in Air Magic
  5035 | D:4      | Reached XP level 6. HP: 32/34 MP: 10/17
  5202 | D:4      | Noticed Natasha
  5210 | D:4      | Killed Natasha
  5211 | D:4      | Reached skill level 1 in Poison Magic
  5498 | D:4      | Noticed Natasha
  5510 | D:4      | Killed Natasha
  5511 | D:4      | Reached skill level 7 in Spellcasting
  5618 | D:4      | Noticed Natasha
  5626 | D:4      | Killed Natasha
  5633 | D:5      | Entered Level 5 of the Dungeon
  5647 | D:5      | Reached skill level 1 in Evocations
  5660 | D:5      | Reached skill level 1 in Shields
  5752 | D:5      | Noticed a steam dragon
  5761 | D:5      | Killed a steam dragon
  5762 | D:5      | Reached XP level 7. HP: 15/38 MP: 14/20
  5781 | D:5      | Reached skill level 8 in Spellcasting
  6006 | D:5      | Found a glowing drain.
  6015 | Sewer    | Entered a sewer
  6729 | D:5      | Found a sparkling altar of Nemelex Xobeh.
  6832 | D:5      | Reached skill level 9 in Spellcasting
  6832 | D:5      | Reached XP level 8. HP: 43/43 MP: 16/23
  7484 | D:5      | Noticed Grinder
  7495 | D:5      | Killed Grinder
  7822 | D:6      | Noticed a white ugly thing
  8059 | D:6      | Mangled by a white ugly thing

Illustrated notes

Levels and vault maps discovered:
D:1:      lightli_arrival_statuegarden, layout_basic, serial_shops, shop,
          shapermc_ecumenical_altar_mp_ritualfount, serial_bayou_pond_d
D:2:      layout_basic, basic_altar, minmay_misc_feat_nine_boxes
D:3:      layout_basic, nicolae_overflow_crystal_walls, uniq_robin
D:4:      layout_gridville, minmay_circle_x, uniq_natasha
D:5:      minmay_spotlight, layout_layer_cave, general_overflow_altar,
          cheibrodos_sewer_entry_bend, uniq_grinder
D:6:      layout_rooms, old_standard_altar

Skill      XL: |  1  2  3  4  5  6  7  8 |
---------------+-------------------------+-----
Spellcasting   | 5 6 7 9 |  9.2
Fighting       | 1 |  1.0
Armour         | 1 |  1.0
Conjurations   | 2 3 4 |  4.8
Fire Magic     | 1 3 |  3.3
Dodging        | 3 |  3.0
Air Magic      | 1 |  1.0
Stealth        | 3 |  3.0
Poison Magic   | 1 |  1.0
Evocations     | 1 |  1.0
Shields        | 1 2 3 |  3.7
Summonings     | |  1.1
Translocations | |  1.1

Action                   |  1- 3 |  4- 6 |  7- 9 || total
-------------------------+-------+-------+-------++-------
Melee: Short sword       |     7 |    95 |    20 ||   122
 Cast: Magic Dart        |    74 |   134 |    79 ||   287
       Mephitic Cloud    |     3 |    11 |    11 ||    25
       Blink             |       |     1 |     1 ||     2
       Conjure Flame     |       |     2 |     3 ||     5
 Stab: Confused          |     2 |     4 |     1 ||     7
       Sleeping          |       |     1 |       ||     1
Armor: Robe              |     4 |       |       ||     4
       Leather armour    |       |    39 |     5 ||    44
Dodge: Dodged            |     7 |    82 |    22 ||   111

Table legend: (Time is in decaauts)
 A = Elapsed time spent in this place.
 B = Non-inter-level travel time spent in this place.
 C = Inter-level travel time spent in this place.
 D = Time resting spent in this place.
 E = Time spent auto-exploring this place.
 F = Levels seen in this place.
 G = Mean time per level.
                   A        B        C        D        E       F      G
               +--------+--------+--------+--------+--------+-----+--------+
         Total |   8133 |   7971 |    162 |    417 |   6194 |   7 | 1161.9 |
       Dungeon |   7529 |   7367 |    162 |    417 |   5697 |   6 | 1254.8 |
         Sewer |    604 |    604 |      0 |      0 |    497 |   1 |  604.0 |
               +--------+--------+--------+--------+--------+-----+--------+

Top non-repeatable levels by time:
     D:5: 1859 daAuts
     D:2: 1741 daAuts
     D:1: 1680 daAuts
     D:4: 1197 daAuts
     D:3: 1027 daAuts
   Sewer: 604 daAuts
     D:6: 23 daAuts
